cohdb
Replays
Latest Replays
All Replays
Popular Replays
Top Player Replays
Match Explorer
How It Works
Community
CoH3 Stats
Reddit
Sign in to upload your games and track your stats! →
Sign in with Steam
Match 45764185
Unlisted
Match 45764185
Overview
Messages
Build Orders
End
Vickers Machine Gun Team
Construct Section Command Post
Infantry Section
Infantry Section
Infantry Section
Construct Platoon Command Post
Infantry Training
Royal Engineer Section
Construct Company Command Post
Foot Guards Section
Unlock M3 Grant Medium Tanks
Selects Indian Artillery Battlegroup
Selects Valour
Selects Gurkha Rifles Section
Selects Volunteer Infantry
M3 Grant Medium Tank
Unlock Towed 17-pounder Anti-tank Guns
17-pounder Anti-tank Gun Team
Grenade Package
Selects Artillery Saturation
Selects Off-map Airburst Barrage
M3 Grant Medium Tank
Selects Perimeter Monitor
Perimeter Monitor
Armored Vehicle Training
Light Vehicle Training
Team Weapon Training
M3 Grant Medium Tank
Perimeter Monitor
SNIPER
Bego
pipiku
DebaKLeTV
0
0
Comments
sign in to comment!
No comments posted yet!